 Dungeon Crawl Stone Soup version 0.32-a0-290-g598725c5f2 (webtiles) character file.

Game seed: 13279058274677642234

126374 Oil the Severer (level 16, -2/151 HPs)
             Began as a Minotaur Fighter on Feb 12, 2024.
             Was the Champion of Makhleb.
             Killed from afar by a guardian serpent (15 damage)
             ... with a bolt of poison
             ... on level 2 of the Snake Pit on Feb 13, 2024.
             The game lasted 01:59:53 (36865 turns).

Oil the Severer (Minotaur Fighter)                 Turns: 36865, Time: 01:59:53

Health: -2/151     AC: 44    Str: 32    XL:     16   Next: 43%
Magic:  23/23      EV:  5    Int:  5    God:    Makhleb [******]
Gold:   1180       SH: 21    Dex: 16    Spells: 15/15 levels left

rFire   . . .        s - +11 broad axe of the Eternal Warrior {protect, *Noise Will++ Dex+2 Stlth+}
rCold   + . .        z - +2 kite shield {AC+3}
rNeg    . . .        E - +5 plate armour
rPois   .            (helmet restricted)
rElec   .            C - +1 cloak "Fafiekk" {Str+4}
rCorr   .            Z - +2 pair of gloves {Stlth+}
SInv    .            A - +0 pair of boots
Will    +++..        O - amulet of reflection Stlth
                     o - +4 ring of protection
HPRegen 0.45/turn    r - ring of Vumatwyv {rC+ Dex+3}
MPRegen 0.18/turn

%: reflection
@: mighty, lethally poisoned (-2 -> -82), under a protective aura, constricted
A: horns 2, retaliatory headbutt
a: Renounce Religion, Minor Destruction, Lesser Servant of Makhleb, Major
Destruction, Greater Servant of Makhleb


You were on level 2 of the Snake Pit.
You worshipped Makhleb.
Makhleb was exalted by your worship.
You visited 4 branches of the dungeon, and saw 24 of its levels.

You collected 3437 gold pieces.
You spent 2257 gold pieces at shops.

Inventory:

Hand Weapons
 p - a +8 broad axe of venom
 s - the +11 broad axe of the Eternal Warrior (weapon) {protect, *Noise Will++ Dex+2 Stlth+}
   (You acquired it on level 1 of the Lair of Beasts)

   Dex+2:     It affects your dexterity (+2).
   Will++:    It greatly increases your willpower.
   *Noise:    It may make a loud noise when swung.
   Stlth+:    It makes you more stealthy.
Missiles
 j - 3 boomerangs (quivered)
 t - 3 silver javelins
 V - 2 throwing nets
 W - 15 poisoned darts
Armour
 z - a +2 kite shield of protection (worn)
 A - a +0 pair of boots (worn)
 C - the +1 cloak "Fafiekk" (worn) {Str+4}
   (You acquired it on level 1 of the Lair of Beasts)

   Str+4:     It affects your strength (+4).
 E - a +5 plate armour (worn)
 R - a +2 kite shield of reflection
 Z - a +2 pair of gloves of stealth (worn)
Jewellery
 g - a ring of flight
 o - a +4 ring of protection (left hand)
 r - the ring of Vumatwyv (right hand) {rC+ Dex+3}
   (You found it on level 1 of the Snake Pit)

   [ring of protection from cold]

   Dex+3:     It affects your dexterity (+3).
   rC+:       It protects you from cold.
 O - an amulet of reflection (around neck)
 T - a ring of see invisible
Wands
 a - a wand of digging (5)
 F - a wand of mindburst (4)
 K - a wand of flame (30)
 L - a wand of polymorph (12)
 P - a wand of charming (4)
Scrolls
 e - 5 scrolls of vulnerability
 h - 5 scrolls of immolation
 n - a scroll of identify
 q - 4 scrolls of amnesia
 v - 12 scrolls of teleportation
 y - 4 scrolls of poison
 D - 5 scrolls of fear
 H - 4 scrolls of revelation
 M - 2 scrolls of fog
 N - a scroll of silence
 S - 2 scrolls of noise
Potions
 b - 2 potions of cancellation
 d - 9 potions of might
 f - 2 potions of heal wounds
 i - 15 potions of curing
 k - 2 potions of magic
 l - 7 potions of enlightenment
 m - 3 potions of resistance
 u - 3 potions of attraction
 w - 8 potions of ambrosia
 x - 3 potions of haste
 B - 3 potions of degeneration
 G - 6 potions of lignification
 I - 2 potions of mutation
 J - 4 potions of berserk rage
 X - 4 potions of invisibility
 Y - 2 potions of brilliance
Miscellaneous
 c - a lightning rod (4/4)
 Q - a condenser vane
 U - a phantom mirror


   Skills:
 + Level 15.9 Fighting
 - Level 18.0 Axes
 + Level 16.1 Armour
 - Level 16.0 Shields
 - Level 10.7 Invocations
 * Level 7.9 Evocations


You had 15 spell levels left.
You didn't know any spells.
Your spell library contained the following spells:

 Spells                   Type           Power      Damage    Failure   Level
 Apportation              Tloc           0%         N/A       97%         1
 Freeze                   Ice            0%         1d3       97%         1
 Necrotise                Necr           0%         1d4       97%         1
 Shock                    Conj/Air       0%         1d3       97%         1
 Sting                    Conj/Alch      0%         1d3       97%         1
 Call Imp                 Summ           0%         N/A       99%         2
 Jinxbite                 Hex            0%         N/A       99%         2
 Mercury Vapours          Alch/Air       0%         N/A       99%         2
 Static Discharge         Conj/Air       0%         3-3/arc   99%         2
 Sublimation of Blood     Necr           0%         N/A       99%         2
 Call Canine Familiar     Summ           0%         N/A       100%        3
 Frozen Ramparts          Ice            0%         1d1       100%        3
 Hailstorm                Conj/Ice       0%         3d5       100%        3
 Sigil of Binding         Hex            0%         N/A       100%        3
 Vampiric Draining        Necr           0%         2d6       100%        3
 Airstrike                Air            0%         2d(0-16)  100%        4
 Brom's Barrelling Bould  Conj/Erth      0%         2d3       100%        4
 Dimensional Bullseye     Hex/Tloc       0%         N/A       100%        4
 Iskenderun's Mystic Bla  Conj/Tloc      0%         2d3       100%        4
 Leda's Liquefaction      Alch/Erth      0%         N/A       100%        4
 Martyr's Knell           Necr/Summ      0%         N/A       100%        4
 Olgreb's Toxic Radiance  Alch           0%         N/A       100%        4
 Petrify                  Alch/Erth      0%         N/A       100%        4
 Summon Blazeheart Golem  Fire/Summ      0%         N/A       100%        4
 Summon Lightning Spire   Summ/Air       0%         N/A       100%        4
 Alistair's Intoxication  Alch           0%         N/A       100%        5
 Borgnjor's Vile Clutch   Necr/Erth      0%         N/A       100%        5
 Curse of Agony           Necr           0%         N/A       100%        5
 Fireball                 Conj/Fire      0%         3d3       100%        5
 Iskenderun's Battlesphe  Conj           0%         2d6       100%        5
 Lee's Rapid Deconstruct  Erth           0%         3d4*      100%        5
 Metabolic Englaciation   Hex/Ice        0%         N/A       100%        5
 Silence                  Hex/Air        0%         N/A       100%        5
 Bombard                  Conj/Erth      0%         9d1       100%        6
 Conjure Ball Lightning   Conj/Air       0%         3x3d6     100%        6
 Orb of Destruction       Conj           0%         9d5       100%        7
 Ozocubu's Refrigeration  Ice            0%         4d7       100%        7
 Spellforged Servitor     Conj/Summ      0%         N/A       100%        7
 Summon Hydra             Summ           0%         N/A       100%        7
 Discord                  Hex            0%         N/A       100%        8


Dungeon Overview and Level Annotations

Branches:
Dungeon (15/15)            Temple (0/1) D:4            Lair (5/5) D:9
  Swamp (0/4) Lair:3        Snake (2/4) Lair:2        Slime (0/5) Lair:5
    Orc (2/2) D:9             Elf (0/3) Orc:2        Vaults (0/5) D:14
 Depths (0/4) D:15

Altars:
Ashenzari
Cheibriados
Dithmenos
Gozag
Kikubaaqudgha
Makhleb
Qazlal
Trog
Uskayaw
Vehumet
Yredelemnul
The Shining One
Beogh
Jiyva

Shops:
D:5 !(*:(   D:6 :   D:9 *   D:10 *   Orc:2 (!!!

Annotations:
Lair:5 2 transporters, 1 runed translucent door, voshxx's ghost, journeyman GrEE
Snake:2 Mlioglotl


Innate Abilities, Weirdness & Mutations

You have a pair of horns on your head.
You reflexively headbutt those who attack you in melee.


Message History

Your Executioner hits Kuunicon's ghost.
The black mamba misses your Executioner.
The guardian serpent misses your Executioner.
The nagaraja casts a spell.
The nagaraja seems to speed up.
Kuunicon's ghost hits your Executioner!!
Your Executioner dies!
Your Executioner disappears in a puff of smoke!
Kuunicon's ghost turns its malevolent gaze towards you.
You barely miss Kuunicon's ghost.
Kuunicon's ghost is almost destroyed.
You hit the nagaraja but do no damage.
You feel very sick. You block the nagaraja's attack. The nagaraja grabs you.
The nagaraja constricts you.
You slice Kuunicon's ghost!!
You destroy Kuunicon's ghost!
Makhleb accepts your kill.
You feel better.
You slice the nagaraja!!
You feel very sick.
The nagaraja points at you and mumbles some strange words.
The bolt of poison hits you!!!
You are more poisoned.
* * * LOW HITPOINT WARNING * * *
The nagaraja constricts you.
The guardian serpent casts a spell at you.
The bolt of poison hits you but does no damage.
You are more poisoned.
You feel much better.
* * * LOW HITPOINT WARNING * * *
You feel extremely sick. You block the nagaraja's attack.
The nagaraja constricts you.
* * * LOW HITPOINT WARNING * * *
The black mamba bites you!
* * * LOW HITPOINT WARNING * * *
The guardian serpent coils itself and waves its upper body at you.
The bolt of poison hits the black mamba.
The bolt of poison hits you!
You are more poisoned.
You die...

# #..#.......#..#...#...##....#
###.#..#.?.#...#....##....###...#
....#..#.?#.#..'...##.....# #...#
.......#.[.....')†## .....###...#
...##..#..#.#..'..# ......##...##
##.....#.[.#...#..##..# #..###
#......#.......#§S....# #.)###
#...#..#########SN....# #..##.
....#...........@.##### #..##.
..................##### #..##.
.....<.................. #..##.
...............######### #.###.
##..............############.##.†
...........................).##..
.....####....................##..
##### #...................####.
......................###.


You could see a nagaraja (fast), a guardian serpent and a black mamba.

Vanquished Creatures
  Vashnia (Snake:2)
  Jorgrun (Orc:1)
  Donald (Orc:2)
  Kirke (Lair:5)
  A nagaraja (Snake:2)
  The ghost of Kuunicon the Spry, an adept DsGl of Yredelemnul (Snake:2)
  An orc warlord (Orc:1)
  Nessos (D:13)
  Josephine (Orc:1)
  An ettin (Orc:1)
  2 fire dragons (D:15)
  3 vault guards (D:14)
  6 hydras
  Harold (Orc:1)
  Erolcha (D:13)
  4 ogre magi (Orc:2)
  A catoblepas (Lair:4)
  4 boulder beetles
  15 two-headed ogres
  2 anacondas (Snake:2)
  5 centaur warriors
  8 death yaks
  2 naga warriors (Snake:1)
  A tengu warrior (D:14)
  4 shock serpents
  4 naga sharpshooters
  2 goliath frogs (Lair:5)
  3 skeletal warriors (D:14)
  A skyshark (Lair:5)
  5 mana vipers
  2 arcanists
  3 naga ritualists
  An orc knight (Orc:1)
  4 necromancers (D:14)
  2 deep elf pyromancers
  A harpy (shapeshifter) (D:14)
  A deep elf zephyrmancer (D:12)
  6 ugly things
  4 manticores
  7 elephants
  2 salamanders (Snake:1)
  6 cyclopes
  A kobold blastminer (Orc:1)
  A torpor snail (Lair:1)
  21 black mambas
  4 naga magi
  2 gargoyles
  17 cane toads
  An unseen horror (shapeshifter) (D:15)
  14 komodo dragons
  An efreet (D:12)
  A freezing wraith (D:14)
  3 tengu conjurers
  9 trolls
  A hornet (D:11)
  6 polar bears
  A raiju (shapeshifter) (D:15)
  19 blink frogs
  11 dream sheep
  2 tyrant leeches
  6 slime creatures
  A spriggan (shapeshifter) (D:13)
  3 wyverns
  38 yaks
  3 wraiths (Orc:1)
  A centaur simulacrum (D:14)
  3 shadows
  3 hogs (Lair:5)
  17 humans (D:14)
  3 basilisks
  2 wargs
  3 steam dragons
  12 vampire mosquitoes
  3 swamp worms (Lair:3)
  3 acid dragons
  7 nagas
  14 water moccasins
  3 black bears (D:5)
  15 orc warriors
  A sky beast (D:7)
  A swamp drake (D:11)
  2 elephant zombies (D:6)
  A wolf (shapeshifter) (D:15)
  24 ogres
  6 centaurs
  11 wolves
  3 kobold brigands
  23 bullfrogs
  An elf zombie (D:6)
  5 scorpions
  7 wights
  28 killer bees
  2 electric eels (D:11)
  6 howler monkeys
  A centaur zombie (D:6)
  A bombardier beetle (D:6)
  4 hounds
  A jelly (D:7)
  10 orc priests
  A human zombie (D:6)
  A human skeleton (D:4)
  16 iguanas
  26 orc wizards
  4 hell rats (Lair:3)
  2 scorpion zombies
  An ogre zombie (D:6)
  3 hound zombies
  2 hound skeletons
  3 howler monkey zombies (D:6)
  9 adders
  14 white imps
  2 ufetubi (D:6)
  3 adder zombies (D:6)
  3 adder skeletons (D:3)
  2 ribbon worms
  2 dart slugs
  74 orcs
  3 ball pythons
  6 endoplasms
  A giant cockroach (D:1)
  5 goblins
  5 hobgoblins
  8 jackals
  5 quokkas
  A ball python skeleton (D:3)
  3 bats (D:3)
  12 frilled lizards
  18 kobolds
  6 rats
757 creatures vanquished.

Vanquished Creatures (collateral kills)
  A hydra (Lair:3)
  A black mamba (Snake:2)
  2 blink frogs (Lair:5)
  A tyrant leech (Lair:5)
  3 yaks
  A vampire mosquito (Lair:5)
  A naga (Snake:2)
  A swamp worm (Lair:3)
  An electric eel (Lair:5)
12 creatures vanquished.

Vanquished Creatures (others)
  A naga mage (Snake:1)
  A yak (Lair:1)
  2 starspawn tentacles (Snake:2)
4 creatures vanquished.

Grand Total: 773 creatures vanquished

Notes
Turn   | Place    | Note
-------+----------+-------------------------------------------
     0 | D:1      | Oil the Minotaur Fighter began the quest for the Orb.
     0 | D:1      | Reached XP level 1. HP: 19/19 MP: 0/0
   148 | D:1      | Reached XP level 2. HP: 26/27 MP: 1/1
   235 | D:1      | Reached skill level 3 in Axes
   840 | D:2      | Reached XP level 3. HP: 33/33 MP: 2/2
  1395 | D:3      | Reached XP level 4. HP: 40/40 MP: 1/3
  1462 | D:3      | Reached skill level 4 in Axes
  1479 | D:3      | Noticed a scorpion
  1589 | D:3      | Killed a scorpion
  1590 | D:3      | Reached XP level 5. HP: 44/47 MP: 4/4
  2009 | D:4      | Reached skill level 5 in Axes
  2009 | D:4      | Reached XP level 6. HP: 47/55 MP: 5/5
  2272 | D:4      | Found an ancient bone altar of Kikubaaqudgha.
  2288 | D:4      | Reached skill level 5 in Fighting
  2288 | D:4      | Reached skill level 5 in Armour
  2412 | D:4      | Found a burning altar of Makhleb.
  2415 | D:4      | Reached skill level 5 in Shields
  2443 | D:4      | Became a worshipper of Makhleb the Destroyer
  2504 | D:4      | Identified the +7 scale mail "Baca" {-Tele rF+++ Int-3
                  | Stlth+}
  3024 | D:4      | Found a staircase to the Ecumenical Temple.
  3325 | D:5      | Entered Level 5 of the Dungeon
  3388 | D:5      | Reached skill level 6 in Axes
  3388 | D:5      | Reached skill level 1 in Invocations
  3388 | D:5      | Reached XP level 7. HP: 57/61 MP: 6/6
  3560 | D:5      | Found Kimiw's Antique Weapon Shop.
  3653 | D:5      | Found a shadowy altar of Dithmenos.
  3755 | D:5      | Found a stormy altar of Qazlal.
  3758 | D:5      | Noticed a water elemental
  3759 | D:5      | Noticed a fire elemental
  3759 | D:5      | Noticed an air elemental
  3762 | D:5      | Found Uthri's Assorted Antiques.
  3771 | D:5      | Found Gatoxeg's Book Boutique.
  3928 | D:5      | Found Wuojoif's Weapon Boutique.
  4166 | D:5      | Found Feun's Distillery.
  4366 | D:6      | Reached skill level 7 in Axes
  4449 | D:6      | Found Isiph's Book Shoppe.
  4587 | D:6      | Reached XP level 8. HP: 70/70 MP: 8/8
  4735 | D:6      | Found an ancient bone altar of Kikubaaqudgha.
  4745 | D:6      | Reached * piety under Makhleb
  4803 | D:6      | Reached skill level 8 in Axes
  4872 | D:6      | Found an opulent altar of Gozag.
  5506 | D:6      | Found a glowing golden altar of the Shining One.
  5722 | D:7      | Found a basalt altar of Yredelemnul.
  5792 | D:7      | Reached XP level 9. HP: 37/79 MP: 6/10
  6253 | D:7      | Found a radiant altar of Vehumet.
  6253 | D:7      | Found a snail-covered altar of Cheibriados.
  6253 | D:7      | Found a hide-covered altar of Uskayaw.
  6371 | D:7      | Found a bloodstained altar of Trog.
  6388 | D:7      | Reached skill level 9 in Axes
  6764 | D:7      | Reached ** piety under Makhleb
  7567 | D:8      | Reached skill level 10 in Axes
  8945 | D:8      | Got the Compendium of Fumes
  9101 | D:8      | Noticed a troll
  9135 | D:8      | Killed a troll
  9136 | D:8      | Reached XP level 10. HP: 77/88 MP: 10/12
  9354 | D:9      | Reached skill level 5 in Invocations
  9357 | D:9      | Noticed a two-headed ogre
  9577 | D:9      | Noticed an elephant
  9612 | D:9      | Killed an elephant
  9613 | D:9      | Reached skill level 11 in Axes
  9683 | D:9      | Reached *** piety under Makhleb
  9706 | D:9      | Found a staircase to the Lair.
  9968 | D:9      | Found a staircase to the Orcish Mines.
 10118 | D:9      | Found Beriobame's Assorted Antiques.
 10129 | D:9      | Bought a wand of flame (5) for 98 gold pieces
 10129 | D:9      | Bought a scroll labelled YLUCU IFYRYNUE for 28 gold pieces
 10129 | D:9      | Bought a scroll of identify for 56 gold pieces
 10129 | D:9      | Bought a scroll labelled MEOCZARGHEC for 28 gold pieces
 10538 | D:9      | Killed a two-headed ogre
 10539 | D:9      | Reached skill level 12 in Axes
 11542 | D:10     | Entered Level 10 of the Dungeon
 11675 | D:10     | Found a broken altar of Ashenzari.
 11704 | D:10     | Reached **** piety under Makhleb
 11933 | D:10     | Found Cueckyu's Demolitions Depot.
 12267 | D:10     | Reached XP level 11. HP: 95/97 MP: 11/14
 12463 | D:10     | Bought a condenser vane for 480 gold pieces
 13631 | D:11     | Reached skill level 13 in Axes
 13648 | D:11     | Reached skill level 10 in Armour
 13874 | D:11     | Paralysed by a hornet for 2 turns
 13882 | D:11     | Reached skill level 10 in Fighting
 13968 | D:11     | Identified the +0 scale mail of Seupn {rPois rC+ rCorr
                  | Int+4}
 15348 | D:11     | Reached skill level 10 in Shields
 16141 | Lair:1   | Entered Level 1 of the Lair of Beasts
 16910 | Lair:1   | Reached XP level 12. HP: 47/107 MP: 7/16
 16912 | Lair:1   | Reached skill level 14 in Axes
 17911 | Lair:1   | Reached ***** piety under Makhleb
 18222 | Lair:1   | Identified 2 scrolls of acquirement
 18223 | Lair:1   | Acquired the +11 broad axe of the Eternal Warrior {protect,
                  | *Noise Will++ Dex+2 Stlth+}
 18224 | Lair:1   | Acquired the +1 cloak "Fafiekk" {Str+4}
 18550 | Lair:2   | Noticed a seven-headed hydra
 18565 | Lair:2   | Killed a 16-headed hydra
 19270 | Lair:2   | Found a staircase to the Snake Pit.
 20258 | Lair:3   | Found a dark tunnel.
 20338 | Lair:3   | Reached skill level 15 in Axes
 20375 | Lair:3   | Noticed a death yak
 20375 | Lair:3   | Noticed a death yak
 20391 | Lair:3   | Noticed a death yak
 20395 | Lair:3   | Killed a death yak
 20396 | Lair:3   | Noticed a death yak
 20403 | Lair:3   | Killed a death yak
 20410 | Lair:3   | Killed a death yak
 20411 | Lair:3   | Reached XP level 13. HP: 100/117 MP: 18/18
 20785 | Lair:3   | Found a staircase to the Swamp.
 21613 | Lair:4   | Reached skill level 16 in Axes
 22524 | Lair:4   | Acquired 695 gold pieces
 22561 | Lair:5   | Entered Level 5 of the Lair of Beasts
 22880 | Lair:5   | Noticed voshxx's ghost (journeyman GrEE)
 22883 | Lair:5   | Found a transporter.
 22938 | Lair:5   | Found a transporter.
 23032 | Lair:5   | Reached XP level 14. HP: 91/127 MP: 20/20
 23432 | Lair:5   | Identified the +1 ring mail of Esuqovergh {Harm rN+ Int-5}
 23447 | Lair:5   | Noticed Kirke
 23469 | Lair:5   | Noticed a sphinx
 23706 | Lair:5   | Reached skill level 17 in Axes
 23862 | Lair:5   | Identified the +1 robe of the Swamp {*Corrode Str+8 Int+5
                  | Dex-3}
 23937 | Lair:5   | Found a runed translucent door.
 23938 | Lair:5   | Noticed an acid blob
 23939 | Lair:5   | Found a viscous altar of Jiyva.
 23940 | Lair:5   | Found a staircase to the Slime Pits.
 23940 | Lair:5   | Noticed an acid blob
 23948 | Lair:5   | Got the Handbook of Dense Confrontation
 24023 | Lair:5   | Killed Kirke
 25248 | D:12     | Found a runed translucent door.
 25366 | D:12     | Found a runed translucent door.
 25951 | D:12     | Reached skill level 10 in Invocations
 26687 | D:5      | Bought a potion of resistance for 140 gold pieces
 26687 | D:5      | Bought a potion of lignification for 42 gold pieces
 26687 | D:5      | Bought a potion of curing for 42 gold pieces
 26687 | D:5      | Bought a potion of curing for 42 gold pieces
 26687 | D:5      | Bought a potion of might for 56 gold pieces
 26687 | D:5      | Bought a potion of mutation for 112 gold pieces
 26821 | Orc:1    | Entered Level 1 of the Orcish Mines
 26870 | Orc:1    | Noticed Josephine
 26881 | Orc:1    | Killed Josephine
 26974 | Orc:1    | Reached ****** piety under Makhleb
 27110 | Orc:1    | Upgraded the game from 0.32-a0-171-g4625e66871 to
                  | 0.32-a0-290-g598725c5f2
 27125 | Orc:2    | Entered Level 2 of the Orcish Mines
 27203 | Orc:1    | Noticed an orc warlord
 27242 | Orc:2    | Noticed Donald
 27259 | Orc:2    | Killed Donald
 27448 | Orc:2    | Reached skill level 18 in Axes
 27664 | Orc:2    | Found a roughly hewn altar of Beogh.
 27695 | Orc:2    | Found Loypaud's Weapon Shop.
 27695 | Orc:2    | Found Zusch's Distillery.
 27696 | Orc:2    | Found Joruc's Distillery.
 27696 | Orc:2    | Found Vil Apro's Distillery.
 27743 | Orc:2    | Found a staircase to the Elven Halls.
 28446 | Orc:1    | Noticed Jorgrun
 28454 | Orc:1    | Killed Jorgrun
 28455 | Orc:1    | Reached XP level 15. HP: 97/138 MP: 22/22
 28678 | Orc:1    | Noticed Harold
 28693 | Orc:1    | Killed Harold
 29337 | Orc:2    | Bought a potion of heal wounds for 65 gold pieces
 29337 | Orc:2    | Bought a potion of enlightenment for 65 gold pieces
 29337 | Orc:2    | Bought a potion of curing for 39 gold pieces
 29337 | Orc:2    | Bought a potion of enlightenment for 65 gold pieces
 29337 | Orc:2    | Bought 2 potions of curing for 78 gold pieces
 29338 | Orc:2    | Bought a potion of ambrosia for 112 gold pieces
 29338 | Orc:2    | Bought a potion of curing for 42 gold pieces
 29338 | Orc:2    | Bought a potion of heal wounds for 70 gold pieces
 29338 | Orc:2    | Bought a potion of curing for 42 gold pieces
 29339 | Orc:2    | Bought 2 potions of might for 120 gold pieces
 29339 | Orc:2    | Bought a potion of invisibility for 120 gold pieces
 29339 | Orc:2    | Bought 2 potions of ambrosia for 240 gold pieces
 29339 | Orc:2    | Bought a potion of heal wounds for 75 gold pieces
 29480 | D:13     | Noticed Erolcha
 29485 | D:13     | Killed Erolcha
 29486 | D:13     | Reached skill level 1 in Evocations
 29540 | D:13     | Noticed Nessos
 29545 | D:13     | Killed Nessos
 31139 | D:14     | Reached skill level 15 in Armour
 31187 | D:14     | Reached skill level 15 in Shields
 31256 | D:14     | Reached skill level 15 in Fighting
 31653 | D:14     | Found a gate to the Vaults.
 32102 | D:14     | Reached skill level 5 in Evocations
 32226 | D:15     | Entered Level 15 of the Dungeon
 32607 | D:15     | Found a staircase to the Depths.
 33641 | Snake:1  | Entered Level 1 of the Snake Pit
 33652 | Snake:1  | Identified the ring of Vumatwyv {rC+ Dex+3}
 33917 | Snake:1  | Reached XP level 16. HP: 111/149 MP: 23/23
 34295 | Snake:1  | Identified the +8 quarterstaff of Temperance {venom, rN++
                  | rCorr}
 35092 | Snake:2  | Noticed Kuunicon's ghost (adept DsGl)
 35092 | Snake:2  | Noticed Mlioglotl
 35092 | Snake:2  | Found a runed translucent gate.
 35092 | Snake:2  | Found a runed translucent gate.
 35092 | Snake:2  | Found a runed translucent gate.
 35445 | Snake:2  | Noticed Vashnia
 35749 | Snake:2  | Killed Vashnia
 36651 | Snake:2  | Noticed a tentacled starspawn
 36651 | Snake:2  | Noticed a tentacled starspawn
 36864 | Snake:2  | Killed Kuunicon's ghost
 36865 | Snake:2  | Killed from afar by a guardian serpent

Illustrated notes

Levels and vault maps discovered:
D:1:      mrwooster_arrival_statue, layout_loops_ring, corner_web_ring
D:2:      layout_rooms, serial_rivers, chequers_serial_rivers_room_b,
          chequers_serial_rivers_marsh, chequers_serial_rivers_large_a,
          chequers_serial_rivers_micro_e, chequers_serial_rivers_micro_b,
          chequers_serial_rivers_micro_a, kennysheep_path_1, nrook_mini_vaults,
          minmay_pentomino_o2
D:3:      layout_rooms, serial_undead, serial_undead_d, serial_undead_c,
          serial_undead_f, serial_undead_e
D:4:      layout_loops_ring, makhleb_blood_cavern_becter,
          kiku_gazebo_pond_becter, minmay_temple_entry_mini_moons,
          serial_park_tiny_1, kennysheep_generic_room_15
D:5:      layout_basic, nicolae_qazlal_style_of_elements,
          nicolae_dithmenos_shadow_blocks, serial_shops, shop,
          nicolae_lakefront_shop, shop, nicolae_shop_peninsula,
          nicolae_shop_crystal
D:6:      layout_basic, kennysheep_mini_moat, marbit_many_paths, serial_shops,
          shop, roadster_capsule_ark_zombie
D:7:      layout_rooms, mainiacjoe_overflow_small_starburst,
          mainiacjoe_overflow_boulevard,
          chequers_temple_overflow_statue_of_worship, kennysheep_generic_room_14
D:8:      layout_gridville
D:9:      layout_long_grid, david_lair_generic, david_orc_1_choice,
          serial_shops, shop
D:10:     layout_irregular_city, lemuel_round_altar, nicolae_blasting_shop
D:11:     lemuel_reptile_caves, layout_irregular_city, gauntlet_entry_generic,
          minmay_stone_trees_medium, minivault_24
D:12:     cheibrodos_histonic, layout_irregular_city, serial_glass,
          glass_columns_c, glass_columns_c
D:13:     layout_loops_corners, uniq_erolcha, uniq_nessos
D:14:     layout_basic, grunt_vaults_entry_tiered
D:15:     grunt_enter_depths_hoard, layout_loops_ring
Lair:1:   layout_small_grid, grunt_megastairs_4, lemuel_fruit_tree,
          infiniplex_staircase_pool_2
Lair:2:   layout_roguey, minmay_snake_entry_six_corridors,
          portal_ice_cave_entry_imps
Lair:3:   layout_regular_city, minmay_swamp_entry_worms,
          nicolae_volcano_entry_lava_flow
Lair:4:   layout_cave_pods, cheibrodos_lair_lostbears
Lair:5:   minmay_lair_end_frog_pond, layout_big_grid, slime_entry_2,
          gammafunk_ghost_arena, infiniplex_staircase_pool, uniq_kirke
Snake:1:  layout_misc_corridors, grunt_megastairs_1
Snake:2:  layout_onion_interference, gammafunk_ghost_split, uniq_aizul,
          uniq_mlioglotl, uniq_vashnia
Orc:1:    layout_diamond_mine, library_closet, blackcustard_rock_pile,
          uniq_harold, uniq_jorgrun, uniq_josephine
Orc:2:    st_orc_ogre_mass, layout_caves, basic_altar, nicolae_orc_tapped_out,
          uniq_donald

Skill      XL: |  1  2  3  4  5  6  7  8  9 10 11 12 13 14 15 16 |
---------------+-------------------------------------------------+-----
Axes           | 3 4 5 6 7 8 10 12 13 15 16 18 | 18.0
Fighting       | 4 5 6 7 8 9 10 11 12 14 15 | 15.9
Armour         | 4 5 6 7 8 9 10 11 12 14 15 16 | 16.1
Shields        | 4 5 6 7 9 10 12 13 14 15 16 | 16.0
Invocations    | 1 2 3 4 6 7 8 9 10 | 10.7
Evocations     | 6 7 |  7.9

Action                     |  1- 3 |  4- 6 |  7- 9 | 10-12 | 13-15 | 16-18 || total
---------------------------+-------+-------+-------+-------+-------+-------++-------
  Melee: War axe           |    74 |   110 |   356 |   568 |       |       ||  1108
         Headbutt          |    11 |    13 |    63 |   136 |   196 |    29 ||   448
         Broad axe         |       |       |       |   111 |   833 |   145 ||  1089
  Throw: Dart              |       |       |     6 |    22 |       |     6 ||    34
         Javelin           |       |       |       |       |     9 |     3 ||    12
         Boomerang         |       |       |       |       |       |    18 ||    18
 Invoke: Minor Destruction |       |       |     1 |     3 |     1 |       ||     5
         Lesser Servant of |       |       |       |     1 |       |       ||     1
         Major Destruction |       |       |       |     1 |     2 |     1 ||     4
         Greater Servant o |       |       |       |       |     2 |     2 ||     4
  Evoke: Wand              |       |       |     2 |     1 |     1 |       ||     4
    Use: Scroll            |       |       |     8 |    16 |    29 |     1 ||    54
         Potion            |       |       |       |    11 |     3 |     6 ||    20
 Armour: Scale mail        |    65 |   108 |    38 |       |       |       ||   211
         Plate armour      |       |       |   379 |   724 |   604 |   102 ||  1809
         Skin              |       |       |       |       |    11 |       ||    11
  Dodge: Dodged            |    34 |    52 |   143 |   235 |   226 |    22 ||   712
  Block: Buckler           |    12 |    32 |   108 |   213 |   120 |       ||   485
         Reflection        |       |       |       |     3 |    62 |    26 ||    91
         Kite shield       |       |       |       |       |   677 |   149 ||   826
         Other             |       |       |       |       |     3 |       ||     3

Table legend: (Time is in decaauts)
 A = Elapsed time spent in this place.
 B = Non-inter-level travel time spent in this place.
 C = Inter-level travel time spent in this place.
 D = Time resting spent in this place.
 E = Time spent auto-exploring this place.
 F = Levels seen in this place.
 G = Mean time per level.
                   A        B        C        D        E       F      G
               +--------+--------+--------+--------+--------+-----+--------+
         Total |  36857 |  34937 |   1920 |  14107 |  10653 |  24 | 1535.7 |
       Dungeon |  22931 |  21423 |   1508 |   8528 |   7384 |  15 | 1528.7 |
          Lair |   8349 |   8081 |    268 |   3071 |   2200 |   5 | 1669.8 |
     Snake Pit |   3183 |   3152 |     31 |   1916 |    375 |   2 | 1591.5 |
  Orcish Mines |   2392 |   2280 |    112 |    591 |    694 |   2 | 1196.0 |
               +--------+--------+--------+--------+--------+-----+--------+

Top non-repeatable levels by time:
    D:11: 3163 daAuts
     D:9: 3047 daAuts
  Lair:5: 2387 daAuts
  Lair:1: 2238 daAuts
     D:6: 2228 daAuts
     D:8: 2012 daAuts
 Snake:1: 1844 daAuts
  Lair:4: 1687 daAuts
    D:10: 1572 daAuts
    D:13: 1491 daAuts
    D:12: 1404 daAuts
     D:4: 1363 daAuts
 Snake:2: 1339 daAuts
   Orc:2: 1304 daAuts
    D:14: 1256 daAuts
